 Dungeon Crawl Stone Soup version 0.27-a0-1140-g099f9bb0e8 (webtiles) character file.

Game seed: 14897071571597457044

135 Zeld the Skirmisher (level 5, 0/55 HPs)
             Began as an Octopode Fighter on May 9, 2021.
             Succumbed to an adder's poison
             ... on level 3 of the Dungeon.
             The game lasted 00:03:33 (3778 turns).

Zeld the Skirmisher (Octopode Fighter)              Turns: 3778, Time: 00:03:34

Health: 0/55       AC: 22    Str: 16    XL:     5   Next: 18%
Magic:  5/5        EV:  2    Int: 11    God:
Gold:   75         SH:  0    Dex: 11    Spells: 4/4 levels left

rFire    . . .     SeeInvis .   a - +0 war axe
rCold    . . .     Faith    .   (no shield)
rNeg     + + +     Spirit   .   (helmet currently unavailable)
rPois    +         Reflect  .   (no amulet)
rElec    .         Harm     .   i - ring of willpower
rCorr    .         Rampage  .   (no ring)
Will     +....     NoTele   +   (no ring)
Stlth    ++........             (no ring)
HPRegen  0.18/turn              (no ring)
MPRegen  0.09/turn              (no ring)
                                (no ring)
                                (no ring)

@: lethally poisoned (0 -> -1), tree-form, hasted, very quick
A: stationary, stasis, torment immunity, boosted hp, almost no armour,
(amphibious), 8 rings, (camouflage 1), (gelatinous body 1), (nimble swimmer 1),
(tentacles)
a: no special abilities


You were on level 3 of the Dungeon.
You were a tree.
You visited 1 branch of the dungeon, and saw 3 of its levels.

You collected 75 gold pieces.

Inventory:

Hand Weapons
 a - a +0 war axe (weapon)
Jewellery
 i - a ring of willpower (left branch)
Wands
 j - a wand of iceblast (13)
Scrolls
 b - a scroll of identify {unknown}
 e - a scroll of magic mapping {unknown}
 f - 2 scrolls of enchant armour {unknown}
 g - a scroll of noise {unknown}
 k - a scroll of teleportation {unknown}
Potions
 c - a potion of might
 d - a potion of lignification


   Skills:
 * Level 4.2 Fighting
 * Level 3.7 Axes
 - Level 3.0 Dodging
 + Level 2.3 Stealth
 - Level 3.0 Shields


You had 4 spell levels left.
You didn't know any spells.
Your spell library contained the following spells:

 Spells                   Type           Power      Damage    Failure   Level
 Animate Skeleton         Necr           0%         N/A       34%         1
 Pain                     Necr           0%         1d4       34%         1
 Sublimation of Blood     Necr           0%         N/A       47%         2
 Vampiric Draining        Necr           0%         2d6       71%         3
 Animate Dead             Necr           0%         N/A       98%         4
 Dispel Undead            Necr           0%         3d6       98%         4
 Sticky Flame             Conj/Fire      0%         2d3       98%         4
 Agony                    Necr           0%         N/A       100%        5
 Excruciating Wounds      Necr           0%         N/A       100%        5


Dungeon Overview and Level Annotations

Branches:
Dungeon (3/15)

Altars:
Nemelex Xobeh
Uskayaw


Innate Abilities, Weirdness & Mutations

You are a tree.
Your roots penetrate the ground, keeping you stationary.
You cannot be teleported.
You are immune to unholy pain and torment.
Your maximum health is greatly increased.
Your equipment is partially melded.
You cannot wear most types of armour.
((You are amphibious.))
You can wear up to eight rings at the same time.
((Your skin changes colour to match your surroundings (Stealth+).))
((Your rubbery body absorbs attacks. (AC +1, EV +1)))
((You are camouflaged near water. (Stealth+)))
((You have tentacles for arms and can constrict up to eight enemies at once.))


Message History

You are too injured to fight recklessly!
You are too injured to fight recklessly!
You hit the adder but do no damage. Your grab misses the adder.
Your squeeze misses the adder.
You feel sick. The adder misses you. The adder bites you.
You closely miss the adder. Your grab misses the adder.
You feel sick. The adder bites you.
* * * LOW HITPOINT WARNING * * *
You are lethally poisoned!
The adder poisons you!
You closely miss the adder. Your grab misses the adder.
Your squeeze misses the adder.
* * * LOW HITPOINT WARNING * * *
You feel very sick. The adder barely misses you. x2
Unknown command.
It was a potion of lignification.
You turn into a tree.
Your roots penetrate the ground.
* * * LOW HITPOINT WARNING * * *
You feel sick. The adder bites you but does no damage.
You hit the adder.
The adder is moderately wounded.
* * * LOW HITPOINT WARNING * * *
You feel sick.
The adder bites you but does no damage. x2
Unknown command.
It was a potion of haste.
You feel yourself speed up.
* * * LOW HITPOINT WARNING * * *
You feel sick.
The adder bites you but does no damage. x2
You completely miss the adder.
The adder is moderately wounded.
* * * LOW HITPOINT WARNING * * *
You feel sick. The adder bites you.
* * * LOW HITPOINT WARNING * * *
You hit the adder.
The adder is heavily wounded.
* * * LOW HITPOINT WARNING * * *
You feel sick. The adder bites you but does no damage.
You hit the adder.
The adder is severely wounded.
You die...

....##....# .##...
#......... .#....
#........###....).
#......(..........
#........##....... ...
##........#........ ....
+...........S......
.....#..........♣)......
.....+..†...............
.....#.....###..........
.....#.....# ##.........
...........+ ..........
..####.....# ###........
...........# #........
.......##### ##.......
.......#####


You could see an adder.

Vanquished Creatures
  3 gnolls
  6 adders
  A worm (D:2)
  2 orcs (D:3)
  A bat (D:3)
  6 endoplasms
  A goblin (D:1)
  10 hobgoblins
  2 quokkas
  2 ball pythons (D:1)
  5 frilled lizards
  8 kobolds
  4 rats
51 creatures vanquished.

Notes
Turn   | Place    | Note
-------+----------+-------------------------------------------
     0 | D:1      | Zeld the Octopode Fighter began the quest for the Orb.
     0 | D:1      | Reached XP level 1. HP: 16/16 MP: 1/1
   322 | D:1      | Reached XP level 2. HP: 14/21 MP: 2/2
   936 | D:1      | Identified Sif Muna's Handbook of Dark Fire
  1471 | D:1      | Reached skill level 1 in Stealth
  1471 | D:1      | Reached XP level 3. HP: 3/27 MP: 3/3
  2060 | D:2      | Reached skill level 4 in Fighting
  2184 | D:2      | Reached XP level 4. HP: 28/33 MP: 4/4
  3260 | D:2      | Found a hide-covered altar of Uskayaw.
  3521 | D:3      | Found a faded altar of an unknown god.
  3564 | D:3      | Found a sparkling altar of Nemelex Xobeh.
  3571 | D:3      | Reached XP level 5. HP: 28/37 MP: 5/5
  3776 | D:3      | HP: 2/55 [poisoned by an adder]
  3778 | D:3      | Succumbed to an adder's poison

Illustrated notes

Levels and vault maps discovered:
D:1:      dpeg_cavernosity, layout_basic
D:2:      layout_rooms, basic_altar
D:3:      layout_basic, nemelex_spade_bored_becter, lemuel_tele_altar,
          ebering_ecumenical_altar_rust

Skill      XL: |  1  2  3  4 |
---------------+-------------+-----
Stealth        | 1 2 |  2.3
Fighting       | 4 |  4.2
Axes           | 3 |  3.7
Dodging        | |  3.0
Shields        | |  3.0

Action                   |  1- 3 |  4- 6 || total
-------------------------+-------+-------++-------
Melee: War axe           |    54 |    52 ||   106
       Constrict         |    14 |    10 ||    24
       Tentacles         |     6 |     8 ||    14
  Use: Potion            |       |     2 ||     2
 Stab: Sleeping          |     4 |     3 ||     7
Armor: Skin              |     2 |     7 ||     9
Dodge: Dodged            |    40 |    35 ||    75

Table legend: (Time is in decaauts)
 A = Elapsed time spent in this place.
 B = Non-inter-level travel time spent in this place.
 C = Inter-level travel time spent in this place.
 D = Time resting spent in this place.
 E = Time spent auto-exploring this place.
 F = Levels seen in this place.
 G = Mean time per level.
                   A        B        C        D        E       F      G
               +--------+--------+--------+--------+--------+-----+--------+
         Total |   3820 |   3765 |     55 |   1247 |   2113 |   3 | 1273.3 |
       Dungeon |   3820 |   3765 |     55 |   1247 |   2113 |   3 | 1273.3 |
               +--------+--------+--------+--------+--------+-----+--------+

Top non-repeatable levels by time:
     D:1: 2523 daAuts
     D:2: 1029 daAuts
     D:3: 267 daAuts
